 Dungeon Crawl Stone Soup version 0.25-a0-346-g140ab784a8 (webtiles) character file.

Game seed: 5863785829371433970, levelgen mode: classic

17 EnegeticOcto the Skirmisher (level 2, 0/26 HPs)
             Began as a Hill Orc Artificer on Dec 31, 2019.
             Slain by a jackal (2 damage)
             ... on level 1 of the Dungeon.
             The game lasted 00:01:02 (908 turns).

EnegeticOcto the Skirmisher (Hill Orc Artificer)     Turns: 908, Time: 00:01:02

Health: 0/26       AC:  6    Str: 14    XL:     2   Next: 62%
Magic:  4/4        EV: 11    Int:  8    God:
Gold:   39         SH:  0    Dex: 11    Spells: 1/1 levels left

rFire    . . .     SeeInvis .   a - +0 short sword
rCold    . . .     Gourm    .   (no shield)
rNeg     . . .     Faith    .   b - +0 leather armour
rPois    .         Spirit   .   (no helmet)
rElec    .         Reflect  .   (no cloak)
rCorr    .         Harm     .   m - +0 pair of gloves (curse)
MR       .....                  i - +1 pair of boots
Stlth    +.........             (no amulet)
HPRegen  0.08/turn              k - -3 ring of intelligence (curse)
MPRegen  0.09/turn              (no ring)

@: no status effects
A: no striking features
a: no special abilities


You were on level 1 of the Dungeon.
You were not hungry.

You visited 1 branch of the dungeon, and saw 1 of its levels.

You collected 39 gold pieces.

Inventory:

Hand Weapons
 a - a +0 short sword (weapon)
Armour
 b - a +0 leather armour (worn)
 i - a +1 pair of boots (worn)
 m - a cursed +0 pair of gloves (worn)
Jewellery
 k - a cursed -3 ring of intelligence (left hand)
Wands
 c - a wand of flame (14)
 d - a wand of enslavement (12)
 f - a wand of random effects (15)
Potions
 h - a potion of lignification {unknown}
 j - a potion of degeneration {unknown}
Comestibles
 e - 2 rations


   Skills:
 + Level 3.1 Fighting
 - Level 1.0 Short Blades
 - Level 1.5 Dodging
 - Level 0.7 Stealth
 - Level 3.0 Evocations


You had one spell level left.
You didn't know any spells.
Your spell library was empty.

Dungeon Overview and Level Annotations

Branches:
Dungeon (1/15)

Altars:


Message History

You closely miss the jackal. The jackal barely misses you.
The goblin closely misses you. The jackal barely misses you.
You barely miss the jackal. The goblin hits you but does no damage.
The jackal completely misses you.
The jackal bites you but does no damage.
You hit the jackal.
The jackal is lightly wounded.
The jackal misses you. The jackal closely misses you. The goblin misses you.
The jackal closely misses you. x2
The jackal bites you but does no damage.
You hit the jackal but do no damage.
The jackal is lightly wounded.
The jackal barely misses you. The goblin hits you.
The jackal closely misses you. The jackal misses you.
You hit the jackal but do no damage.
The jackal is lightly wounded.
The jackal bites you but does no damage.
The frilled lizard bites you. The jackal closely misses you.
The goblin hits you but does no damage. The jackal barely misses you.
The jackal bites you but does no damage.
You closely miss the jackal.
The jackal is lightly wounded.
The jackal bites you but does no damage.
The jackal barely misses you. The frilled lizard closely misses you.
The goblin hits you but does no damage. The jackal barely misses you.
The jackal bites you but does no damage.
The jackal barely misses you.
You hit the jackal.
The jackal is almost dead.
The jackal bites you but does no damage.
The frilled lizard barely misses you. The goblin hits you but does no damage.
The jackal bites you. The jackal misses you.
The jackal bites you but does no damage.
You barely miss the jackal.
The jackal is almost dead.
The jackal barely misses you. The jackal misses you.
The frilled lizard barely misses you. The goblin barely misses you.
The jackal misses you. The jackal completely misses you.
The jackal closely misses you.
You miss the jackal.
The jackal is almost dead.
The frilled lizard bites you but does no damage.
The jackal closely misses you. The goblin barely misses you.
The jackal bites you but does no damage. x2
The frilled lizard bites you but does no damage.
You hit the jackal.
You kill the jackal!
The jackal bites you but does no damage. x2
The goblin closely misses you. The jackal closely misses you.
The jackal barely misses you. The frilled lizard barely misses you.
You hit the jackal.
The jackal is heavily wounded.
The goblin completely misses you. The jackal closely misses you.
The jackal bites you but does no damage.
The frilled lizard barely misses you.
You barely miss the jackal.
The jackal is heavily wounded.
The jackal closely misses you. The goblin hits you.
The jackal closely misses you. The jackal bites you.
The frilled lizard bites you but does no damage.
You closely miss the jackal.
The jackal is heavily wounded.
The jackal barely misses you. The goblin hits you but does no damage.
The jackal bites you but does no damage.
The jackal barely misses you. The frilled lizard closely misses you.
You hit the jackal.
You kill the jackal!
The jackal barely misses you. The goblin closely misses you.
The frilled lizard bites you. The goblin barely misses you.
The jackal bites you.
You are too injured to fight recklessly!
You are too injured to fight recklessly!
You are too injured to fight recklessly!
You are too injured to fight recklessly!
You closely miss the goblin. The jackal bites you.
The frilled lizard completely misses you.
The goblin hits you.
You hit the goblin.
The goblin is severely wounded.
The jackal barely misses you.
The frilled lizard bites you but does no damage.
The goblin hits you. The jackal bites you.
* * * LOW HITPOINT WARNING * * *
You closely miss the goblin.
The goblin is severely wounded.
The jackal bites you but does no damage.
The frilled lizard bites you but does no damage.
The goblin hits you.
* * * LOW HITPOINT WARNING * * *
You closely miss the goblin.
The goblin is severely wounded.
The jackal bites you but does no damage.
The frilled lizard unfolds its giant frill.
The frilled lizard closely misses you. The goblin hits you.
* * * LOW HITPOINT WARNING * * *
The jackal bites you but does no damage.
The jackal closely misses you. The jackal barely misses you.
The goblin barely misses you. The jackal bites you.
You die...

#........#
######...........
######...#
#...........
#...#
#...........
#...#
#...........
#...##
#########.##
#....## #..#
#.....#######
##.#
####....l......#
#.#
........h@.....#
#..
...)..†.g#####.#
##. .?.........
#. .......#...#
#. .......#.....
## ...#.#.#.#.#..
#.
.......#.......
### #.
...#...#.....##
..####. .......


You could see a jackal, a goblin and a frilled lizard.

Vanquished Creatures
  2 bats (D:1)
  2 giant cockroaches (D:1)
  A goblin (D:1)
  A hobgoblin (D:1)
  4 jackals (D:1)
  2 kobolds (D:1)
  A frilled lizard (D:1)
  A rat (D:1)
14 creatures vanquished.

Vanquished Creatures (others)
  A hobgoblin (D:1)
1 creature vanquished.

Grand Total: 15 creatures vanquished

Notes
Turn   | Place    | Note
-------+----------+-------------------------------------------
     0 | D:1      | EnegeticOcto the Hill Orc Artificer began the quest for the
                  | Orb.
     0 | D:1      | Reached XP level 1. HP: 16/16 MP: 3/3
   301 | D:1      | Reached XP level 2. HP: 25/25 MP: 4/4
   908 | D:1      | Slain by a jackal

Levels and vault maps discovered:
D:1:      lightli_arrival_maybe_door_vault, layout_basic, hangedman_decor_lopped

Skill      XL: |  1  2 |
---------------+-------+-----
Fighting       | 2 3 |  3.1
Short Blades   | |  1.0
Dodging        | |  1.5
Stealth        | |  0.7
Evocations     | |  3.0

Action                   || total
-------------------------++-------
Melee: Short sword       ||    68
Evoke: Wand              ||     4
Armor: Leather armour    ||    46
Dodge: Dodged            ||    95

Table legend:
 A = Non-vault XP
 B = Vault XP
 C = Vault XP percentage of total XP
 D = Non-vault monster count
 E = Vault monster count
 F = Vault count percentage of total count
                 A         B        C        D         E       F
            +---------+---------+-------+---------+---------+-------
      Total |      25 |       0 |   0.0 |      14 |       0 |   0.0
            +---------+---------+-------+---------+---------+-------
        D:1 |      25 |       0 |   0.0 |      14 |       0 |   0.0
            +---------+---------+-------+---------+---------+-------
